Map: Catalyst LE

Players

JonSnow - Winner!

  • Race: Zerg Zerg
  • League: Master
  • Spawn Location: 11:00

eGGz

  • Race: Zerg Zerg
  • League: Master
  • Spawn Location: 5:00

VOD

Have the link to the VOD?

Description

Time

  • Played on: Feb. 2, 2018, 3:33 p.m.
  • Length: 5:27
Show
View Real Time Build Order
Export as new Build Order

JonSnow Zerg - Winner!

Build Orders: Hatch First, Zergling Baneling 

Get SALT Encoding   

  12  0:00  Drone  
  13  0:13  Overlord  
  13  0:17  Drone  
  14  0:31  Drone x2  
  16  0:35  Drone  
  17  0:52  Hatchery  
  17  0:56  Drone  
  17  1:10  Spawning Pool  
  16  1:12  Drone  
  16  1:14  Extractor  
  16  1:17  Drone  
  17  1:22  Drone  
  18  1:30  Drone  
  19  1:51  Overlord  
  19  1:58  Queen  
  19  1:59  Zergling x2  
  22  2:03  Zergling x2  
  22  2:05  Queen, Zergling x2  
  26  2:13  Drone  
  26  2:14  Metabolic Boost  
  27  2:16  Drone  
  28  2:23  Drone  
  28  2:25  Drone  
  30  2:36  Baneling Nest  
  29  2:39  Drone x2  
  31  2:46  Spine Crawler  
  31  2:49  Overlord  
  29  2:55  Zergling x4  
  31  3:03  Zergling x2  
  32  3:08  Zergling x2  
  32  3:09  Zergling x6  
  32  3:11  Zergling x2  
  37  3:13  Zergling x2  
  37  3:15  Zergling x2  
  40  3:20  Baneling x2  
  40  3:28  Drone x3  
  43  3:41  Hatchery  
  43  3:44  Baneling x5  
  42  3:50  Overlord  
  42  3:56  Zergling x2  
  42  4:01  Baneling x2  
  43  4:04  Zergling x2  
  43  4:06  Zergling x4  
  43  4:16  Zergling x12  
  46  4:21  Zergling x6  
  46  4:31  Zergling x2  
  46  4:34  Zergling x4  
  46  4:36  Baneling x2  
  46  4:37  Baneling x2  
  46  4:45  Drone x2  
Show
View Real Time Build Order
Export as new Build Order

eGGz Zerg 

Build Orders: Hatch First 

Get SALT Encoding   

  12  0:01  Drone  
  13  0:12  Overlord  
  13  0:19  Drone  
  14  0:31  Drone x2  
  16  0:37  Drone  
  17  0:53  Hatchery  
  17  0:56  Drone  
  17  1:01  Drone  
  17  1:03  Extractor  
  17  1:15  Spawning Pool  
  16  1:20  Drone  
  16  1:24  Drone  
  18  1:32  Drone  
  19  1:41  Overlord  
  19  2:02  Queen  
  19  2:05  Metabolic Boost  
  19  2:06  Queen  
  19  2:07  Zergling x2  
  19  2:08  Drone  
  25  2:14  Drone x2  
  27  2:20  Drone  
  28  2:24  Evolution Chamber  
  28  2:25  Drone  
  28  2:29  Drone  
  29  2:33  Zergling x2  
  30  2:38  Drone  
  31  2:52  Drone x2  
  33  3:01  Zerg Ground Armor Level 1  
  33  3:02  Overlord  
  33  3:03  Zergling x2  
  34  3:07  Zergling x2  
  34  3:11  Drone  
  36  3:19  Baneling Nest  
  35  3:25  Hatchery  
  34  3:27  Drone  
  34  3:31  Zergling x4  
  34  3:32  Zergling x4  
  38  3:39  Zergling x6  
  41  3:44  Zergling x2  
  42  3:48  Zergling x2  
  43  3:56  Zergling x2  
  43  3:58  Overlord  
  42  4:08  Zergling x6  
  42  4:09  Zergling x4  
  43  4:11  Baneling  
  43  4:12  Baneling  
  43  4:15  Zergling x4  
  40  4:18  Baneling  
  20  4:33  Zergling x6  
  21  4:40  Zergling x6  
  21  4:43  Zergling x4  
Tags
 
Add a new tag
Caveats
  • Supply blocks, unpowered buildings, or Contaminate may cause inaccurate times.
  • Supply counts are checked every 10 seconds.